 Dungeon Crawl Stone Soup version 0.17-a0-1020-ge683cc4 (webtiles) character file.

163 NoLifeKing the Insei (level 5, -3/36 HPs)
             Began as an Octopode Transmuter on May 18, 2015.
             Slain by a phantom (4 damage)
             ... on level 3 of the Dungeon.
             The game lasted 00:07:30 (4172 turns).

NoLifeKing the Insei (Octopode Transmuter)          Turns: 4172, Time: 00:07:30

Health: -3/36      AC:  1    Str:  9    XL:     5   Next: 44%
Magic:  7/8        EV: 12    Int: 15    God:
Gold:   207        SH:  0    Dex: 14    Spells: 2 memorised, 4 levels left

rFire  . . .     SeeInvis .       - Unarmed
rCold  . . .     Clarity  .     (no shield)
rNeg   . . .     SustAb   .     (helmet restricted)
rPois  .         Gourm    .     (no amulet)
rElec  .         Spirit   .     (no ring)
rCorr  .         Warding  .     (no ring)
rMut   .         Stasis   .     (no ring)
MR     .....                    (no ring)
Stlth  ++........               (no ring)
                                (no ring)
                                (no ring)
                                (no ring)

@: not resistant to hostile enchantments, unstealthy
A: almost no armour, amphibious, 8 rings, constrict 8, camouflage 1, gelatinous
body 1
a: no special abilities


You were on level 3 of the Dungeon.
You were not hungry.

You visited 1 branch of the dungeon, and saw 3 of its levels.

You collected 207 gold pieces.

Inventory:

Missiles
 a - 12 arrows
Scrolls
 e - a scroll of fog {unknown}
 f - 5 scrolls of identify {unknown}
 h - a scroll of magic mapping {unknown}
 j - a scroll of immolation {unknown}
 l - 2 scrolls of enchant armour {unknown}
 m - a scroll of teleportation {unknown}
 n - 2 scrolls of recharging {unknown}
 p - a scroll of amnesia {unknown}
Potions
 g - a potion of heal wounds {unknown}
 i - 2 potions of flight {unknown}
 k - a potion of haste {unknown}
Books
 b - a book of Changes

   Spells                             Type                      Level
   a - Beastly Appendage              Transmutation                1
   b - Sticks to Snakes               Transmutation                2
   c - Spider Form                    Transmutation/Poison         3
   d - Ice Form                       Ice/Transmutation            4
   e - Blade Hands                    Transmutation                5
Comestibles
 c - 5 bread rations
 d - a beef jerky
 o - a royal jelly


   Skills:
 + Level 3.5 Fighting
 - Level 2.0 Dodging
 + Level 4.7 Unarmed Combat
 - Level 2.0 Spellcasting
 - Level 2.0 Transmutations


You had 4 spell levels left.
You knew the following spells:

 Your Spells              Type           Power        Failure   Level  Hunger
a - Beastly Appendage     Trmt           #.....       12%         1    #......
b - Spider Form           Trmt/Pois      #.........   43%         3    ###....


Dungeon Overview and Level Annotations

Branches:
Dungeon (3/15)

Altars:
Ashenzari


Innate Abilities, Weirdness & Mutations

You cannot wear most types of armour.
You are amphibious.
You can wear up to eight rings at the same time.
You can use your tentacles to constrict eight enemies at once.
Your skin changes colour to match your surroundings (Stealth).
Your rubbery body absorbs attacks (AC +1).


Message History

* * * LOW HITPOINT WARNING * * *
You are too injured to fight recklessly!
You are too injured to fight recklessly!
You are too injured to fight recklessly!
You are too injured to fight recklessly!
You tentacle-slap the phantom.
The phantom is almost destroyed.
The phantom closely misses you.
You tentacle-slap the phantom.
The phantom is almost destroyed.
The phantom hits you.
* * * LOW HITPOINT WARNING * * *
You barely miss the phantom.
The phantom is almost destroyed.
The phantom hits you.
* * * LOW HITPOINT WARNING * * *
You barely miss the phantom. Your squeeze misses the phantom.
The phantom is almost destroyed.
The phantom hits you.
You die...

...###.##..#
...........###.##[.
##(###............#
#..)..............
#####.....#####..#
#.###.## #..# #.# #..#
#..# #.# ##.## #W.# #.#
#...# #@.# #.###.#.###..#
#.#...#.>.#<.#
#...#####....#
###...#...##.####### #
###.#.####........
##.#.## #...##..........
..#...#####.###.########.
. ....W.....# #.#


You could see a phantom.

Vanquished Creatures
  Ijyb (D:2)
  Natasha (D:2)
  Robin (D:2)
  3 adders (D:2)
  2 worms
  A giant gecko (D:1)
  4 giant cockroaches
  17 goblins
  10 hobgoblins
  3 jackals (D:2)
  A quokka (D:3)
  6 bats
  2 giant newts
  6 kobolds
  9 rats
67 creatures vanquished.

Notes
Turn   | Place    | Note
--------------------------------------------------------------
     0 | D:1      | NoLifeKing the Octopode Transmuter began the quest for the Orb.
     0 | D:1      | Reached XP level 1. HP: 13/13 MP: 3/3
   639 | D:1      | Reached XP level 2. HP: 16/18 MP: 3/5
  1099 | D:1      | Reached XP level 3. HP: 8/24 MP: 3/6
  2287 | D:2      | Noticed Robin
  2300 | D:2      | Reached XP level 4. HP: 30/30 MP: 3/7
  2307 | D:2      | Reached skill level 4 in Unarmed Combat
  2497 | D:2      | Learned a level 3 spell: Spider Form
  2515 | D:2      | Killed Robin
  3043 | D:2      | Found a shattered altar of Ashenzari.
  3268 | D:2      | Noticed Natasha
  3359 | D:2      | Killed Natasha
  3359 | D:2      | Reached XP level 5. HP: 29/36 MP: 2/8
  3362 | D:2      | Noticed Ijyb
  3436 | D:2      | Killed Ijyb
  3762 | D:3      | Noticed a phantom
  4171 | D:3      | HP: 1/36 [phantom (4)]
  4172 | D:3      | Slain by a phantom

Vault maps used:
D:1:      evilmike_arrival_run_for_it, kennysheep_small_spiral,
          hangedman_decor_peaks_small, minivault_27
D:2:      ashenzari_altar_1, uniq_robin, uniq_iyjb, uniq_natasha
D:3:      first_bread

Action                   |  1- 3 |  4- 6 || total
-------------------------+-------+-------++-------
Melee: Unarmed           |    74 |    94 ||   168
 Cast: Beastly Appendage |    30 |    19 ||    49
       Spider Form       |       |     5 ||     5
 Stab: Sleeping          |       |     2 ||     2
  Eat: Chunk             |     5 |     4 ||     9
       Meat ration       |       |     1 ||     1
